 Dungeon Crawl Stone Soup version 0.31-a0-217-g58bb5d79cf (webtiles) character file.

Game seed: 6129899471745074028

32 qw the Shooter (level 3, -2/29 HPs)
             Began as a Minotaur Hexslinger on July 2, 2023.
             Slain by a worm (4 damage)
             ... on level 2 of the Dungeon.
             The game lasted 00:00:21 (929 turns).

qw the Shooter (Minotaur Hexslinger)                 Turns: 929, Time: 00:00:22

Health: -2/29      AC:  2    Str: 12    XL:     3   Next: 8%
Magic:  3/3        EV: 12    Int: 10    God:
Gold:   43         SH:  0    Dex: 14    Spells: 3/4 levels left

rFire   . . .        Y - +1 sling
rCold   . . .        (no shield)
rNeg    . . .        c - +0 robe
rPois   +            (helmet restricted)
rElec   .            (no cloak)
rCorr   .            (no gloves)
SInv    .            (no boots)
Will    .....        (no amulet)
Stlth   +            f - ring of poison resistance
HPRegen 0.24/turn    (no ring)
MPRegen 0.08/turn

%: no passive effects
@: about to teleport
A: horns 2, retaliatory headbutt
a: no special abilities


You were on level 2 of the Dungeon.
You visited 1 branch of the dungeon, and saw 2 of its levels.

You collected 43 gold pieces.


Innate Abilities, Weirdness & Mutations

You have a pair of horns on your head.
You reflexively headbutt those who attack you in melee.


   Skills:
 - Level 2.0 Fighting
 + Level 3.6 Ranged Weapons
 - Level 2.1 Dodging
 - Level 1.0 Spellcasting
 - Level 2.0 Hexes


You had 3 spell levels left.
You knew the following spells:

 Your Spells              Type           Power      Damage    Failure   Level
a - Slow                  Hex            16%        N/A       16%         1

Your spell library contained the following spells:

 Spells                   Type           Power      Damage    Failure   Level
 Inner Flame              Hex/Fire       2%         N/A       56%         3
 Portal Projectile        Hex/Tloc       4%         N/A       56%         3
 Cause Fear               Hex            2%         N/A       83%         4

Inventory:

Hand Weapons
 Y - a +1 sling (weapon)
Armour
 c - a +0 robe (worn)
 d - a +0 ring mail
Jewellery
 b - an amulet of faith
 f - a ring of poison resistance (left hand)
Scrolls
 a - a scroll of immolation {unknown}
Potions
 e - a potion of heal wounds {unknown}

Dungeon Overview and Level Annotations

Branches:
Dungeon (2/15)

Altars:


Message History

Enter note: A worm and an endoplasm come into view.
Found 13 gold pieces.
Found a stone staircase leading down.
Enter note:
Enter note: You shoot a sling bullet.
The sling bullet hits the worm but does no damage.
The worm is lightly wounded.
The endoplasm quivers.
You shoot a sling bullet. The sling bullet hits the worm.
The worm is lightly wounded.
The worm bites you!
You shoot a sling bullet. The sling bullet hits the worm.
The worm is moderately wounded.
The worm barely misses you.
You shoot a sling bullet. The sling bullet hits the worm.
The worm is moderately wounded.
The endoplasm freezes you.
You are frozen.
You shoot a sling bullet. The sling bullet hits the worm.
The worm is heavily wounded.
The endoplasm completely misses you. The worm closely misses you.
You shoot a sling bullet.
The sling bullet barely misses the worm.
The endoplasm hits you. The worm bites you but does no damage.
The endoplasm freezes you.
You are frozen.
You shoot a sling bullet. The sling bullet hits the worm.
The worm is heavily wounded.
The endoplasm freezes you.
You are frozen.
The worm bites you.
928 ||| READING scroll of teleportation.
As you read the scroll of teleportation, it crumbles to dust.
You feel strangely unstable. The endoplasm closely misses you.
You shoot a sling bullet.
The sling bullet hits the worm but does no damage.
The worm is moderately wounded.
The endoplasm hits you. The worm bites you.
You die...

####<# #.# #.#
#.# ## ##.# ..#
##.####..# ..$.
........## ^...^
##.####..#..^..>
##@w......
#.J......
#.#......
#.#......
#.##...^. #.#
#.... ?.# #..#
#.# ..#


You could see a worm and an endoplasm.

Vanquished Creatures
  2 dart slugs
  An endoplasm (D:2)
  A giant cockroach (D:1)
  A goblin (D:2)
  3 hobgoblins (D:1)
  A kobold (D:1)
  A quokka (D:1)
  6 ball pythons
  3 bats
  6 frilled lizards
  4 rats (D:1)
29 creatures vanquished.

Notes
Turn   | Place    | Note
-------+----------+-------------------------------------------
     0 | D:1      | qw the Minotaur Hexslinger began the quest for the Orb.
     0 | D:1      | Reached XP level 1. HP: 16/16 MP: 1/1
     0 | D:1      | 0 ||| qw: Version: 0.3-a-40-ge99b1a8
     0 | D:1      | 0 ||| qw: Game counter: 86
     0 | D:1      | 0 ||| qw: Melee chars always use a shield: true
     0 | D:1      | 0 ||| qw: God list: Okawaru
     0 | D:1      | 0 ||| qw: Allow faded altars: false
     0 | D:1      | 0 ||| qw: Do Orc after clearing Dungeon:15 true
     0 | D:1      | 0 ||| qw: Do second Lair branch before Depths: true
     0 | D:1      | 0 ||| qw: Lair rune preference: random
     0 | D:1      | 0 ||| qw: Goals: Normal
     0 | D:1      | 0 ||| PLANNING D:1-11
   141 | D:1      | Reached skill level 3 in Ranged Weapons
   141 | D:1      | Reached XP level 2. HP: 14/23 MP: 2/2
   141 | D:1      | 141 ||| FLEEEEING.
   142 | D:1      | 142 ||| FLEEEEING.
   143 | D:1      | 143 ||| FLEEEEING.
   144 | D:1      | 144 ||| FLEEEEING.
   738 | D:1      | 738 ||| UPGRADING to ring of poison resistance.
   739 | D:1      | 739 ||| READING scroll labelled QOTUINLUFIY.
   740 | D:1      | 740 ||| READING 2 scrolls labelled MEPSYWK FUCZI.
   745 | D:1      | 745 ||| DROPPING scroll of poison.
   879 | D:2      | Reached XP level 3. HP: 29/29 MP: 3/3
   927 | D:2      | HP: 7/29 [frozen (2)]
   928 | D:2      | 928 ||| READING scroll of teleportation.
   929 | D:2      | HP: 2/29 [endoplasm (3)]
   929 | D:2      | Slain by a worm

Levels and vault maps discovered:
D:1:      lemuel_arrival_room, layout_loops_ring, wad_woods_river_04
D:2:      layout_loops_ring, nicolae_wormholes

Skill      XL: |  1  2 |
---------------+-------+-----
Ranged Weapons | 3 |  3.6
Fighting       | 2 |  2.0
Dodging        | |  2.1
Spellcasting   | |  1.0
Hexes          | |  2.0

Action                     || total
---------------------------++-------
   Fire: Sling             ||    73
    Use: Scroll            ||     3
 Armour: Robe              ||     6
  Dodge: Dodged            ||    18

Table legend:
 A = Non-vault XP
 B = Vault XP
 C = Vault XP percentage of total XP
 D = Non-vault monster count
 E = Vault monster count
 F = Vault count percentage of total count
                 A         B        C        D         E       F
            +---------+---------+-------+---------+---------+-------
      Total |      46 |       0 |   0.0 |      29 |       0 |   0.0
            +---------+---------+-------+---------+---------+-------
        D:1 |      35 |       0 |   0.0 |      23 |       0 |   0.0
        D:2 |      11 |       0 |   0.0 |       6 |       0 |   0.0
            +---------+---------+-------+---------+---------+-------
